 Dungeon Crawl Stone Soup version 0.16-a0-967-g37ceb3c (webtiles) character file.

14 MRaven the Gusty (level 2, 0/15 HPs)
             Began as a Tengu Air Elementalist on Oct 2, 2014.
             Slain by a jackal (2 damage)
             ... on Level 1 of the Dungeon.
             The game lasted 00:04:23 (665 turns).

MRaven the Gusty (Tengu Air Elementalist)            Turns: 665, Time: 00:04:23

HP   0/15        AC  2     Str  8      XL: 2   Next: 41%
MP   1/5         EV 12     Int 15      God:
Gold 25          SH  0     Dex 14      Spells:  3 memorised,  0 levels left

rFire  . . .     SeeInvis .     f - +0 club
rCold  . . .     Clarity  .     a - +0 robe
rNeg   . . .     rCorr    .     (no shield)
rPois  .         rRot     .     (helmet restricted)
rElec  .         Spirit   .     (no cloak)
SustAb .         Warding  .     (no gloves)
rMut   .         Stasis   .     (boots unavailable)
Gourm  .                        (no amulet)
MR     .....                    (no ring)
                                (no ring)

@: repel missiles, not resistant to hostile enchantments, unstealthy
A: beak, talons 3
a: no special abilities


You were on level 1 of the Dungeon.
You were not hungry.

You visited 1 branch of the dungeon, and saw 1 of its levels.

You collected 25 gold pieces.

Inventory:

Hand weapons
 f - a +0 club (weapon)
Armour
 a - a +0 robe (worn)
Comestibles
 c - a bread ration
 g - a rotting chunk of giant newt flesh
 i - a rotting chunk of giant cockroach flesh
 k - a meat ration
 l - a chunk of rat flesh
Scrolls
 h - a scroll of magic mapping {unknown}
 m - a scroll of enchant armour {unknown}
Potions
 d - 2 potions of cure mutation {unknown}
 e - a potion of curing {unknown}
 j - 2 potions of lignification {unknown}
Books
 b - a book of Air

   Spells                             Type                      Level
   *Shock                             Conjuration/Air              1
   *Swiftness                         Charms/Air                   2
   *Repel Missiles                    Charms/Air                   2
   Flight                             Charms/Air                   3
   Static Discharge                   Conjuration/Air              3
   Lightning Bolt                     Conjuration/Air              5


   Skills:
 + Level 2.2 Dodging
 - Level 2.0 Stealth
 * Level 2.2 Spellcasting
 + Level 1.7 Conjurations
 * Level 4.5 Air Magic


You couldn't memorise any spells.
You knew the following spells:

 Your Spells              Type           Power        Failure   Level  Hunger
a - Shock                 Conj/Air       ##..         8%          1    #......
b - Repel Missiles        Chrm/Air       #.....       14%         2    ###....
c - Swiftness             Chrm/Air       #.......     14%         2    ###....


Dungeon Overview and Level Annotations

Branches:
Dungeon (1/15)

Altars:
Ashenzari


Innate Abilities, Weirdness & Mutations

You have a beak for a mouth.
You have claws for feet.


Message History

The zap hits the jackal.
The jackal appears unharmed.
The jackal is severely wounded.
The jackal bites you but does no damage.
The jackal bites you.
* * * LOW HITPOINT WARNING * * *
Casting: Shock
Confirm with . or Enter, or press ? or * to list all spells.
Aiming: Shock
Press: ? - help, Shift-Dir - straight line, f - jackal, p - jackal
Aim: a jackal (moderately wounded)
The zap hits the jackal.
The jackal is heavily wounded.
The zap hits the jackal.
The jackal is almost dead.
The zap misses the jackal.
The zap hits the jackal.
The jackal is severely wounded.
The jackal completely misses you. The jackal bites you.
* * * LOW HITPOINT WARNING * * *
The jackal closely misses you. The jackal bites you.
You die...

#..........#... #.#.....##..#.#
#..........#.#.###.####..##..#.#
#..........#.#.....#.....##..#.
...(.......# #.....#.###.##..#
.....##....#.#.....#.###.##..#
#............##....#.#.......#
+..................._..#.###.#
#...)..............#.#....##.#
....############@###...#..##.#
....# #hh######..##.# ....# ##.#
#.(##.# ....# $.. ...##.# ....#
..... ...##.# ....# .........
#.# ....# ..[... ....#### ....?
.......# ....


You could see 2 jackals.

Vanquished Creatures
  2 bats (D:1)
  A giant cockroach (D:1)
  2 goblins (D:1)
  A hobgoblin (D:1)
  2 jackals (D:1)
  A kobold (D:1)
  3 giant newts (D:1)
  A rat (D:1)
13 creatures vanquished.

Notes
Turn   | Place    | Note
--------------------------------------------------------------
     0 | D:1      | MRaven, the Tengu Air Elementalist, began the quest for the Orb.
     0 | D:1      | Reached XP level 1. HP: 10/10 MP: 3/3
   295 | D:1      | Reached XP level 2. HP: 15/15 MP: 0/5
   355 | D:1      | Learned a level 2 spell: Repel Missiles
   358 | D:1      | Learned a level 2 spell: Swiftness
   593 | D:1      | Found a shattered altar of Ashenzari.
   665 | D:1      | Slain by a jackal

Action                   || total
-------------------------++-------
Melee: Club              ||     2
 Cast: Shock             ||    29
       Repel Missiles    ||     1
